 Dungeon Crawl Stone Soup version 0.28-a0-664-gc179e30c89 (webtiles) character file.

Game seed: 13550546877503340868

1045 Irenicus the Geomancer (level 8, -1/62 HPs)
             Began as a Deep Dwarf Earth Elementalist on Oct 15, 2021.
             Slain by an ogre (11 damage)
             ... on level 5 of the Dungeon.
             The game lasted 00:09:22 (1440 turns).

Irenicus the Geomancer (DDEE)                       Turns: 1440, Time: 00:09:24

Health: -1/62      AC:  5    Str: 17    XL:     8   Next: 4%
Magic:  1/10       EV: 12    Int: 19    God:
Gold:   109        SH:  0    Dex: 13    Spells: 4/10 levels left

rFire   . . .      SeeInvis .   e - +1 short sword
rCold   . . .      Faith    .   (no shield)
rNeg    . . .      Spirit   .   d - +0 leather armour
rPois   .          Reflect  .   (no helmet)
rElec   .          Harm     .   (no cloak)
rCorr   .          Rampage  .   k - +1 pair of gloves
Will    +....                   (no boots)
Stlth   ++........              (no amulet)
HPRegen 0.00/turn               S - +6 ring of strength
MPRegen 0.12/turn               Z - ring of wizardry

@: no status effects
A: damage resistance, heal wounds, sense surroundings 1, no regeneration
a: Heal Wounds


You were on level 5 of the Dungeon.
You visited 1 branch of the dungeon, and saw 5 of its levels.

You collected 109 gold pieces.


Innate Abilities, Weirdness & Mutations

You are resistant to damage.
You can heal yourself by infusing magical energy.
You passively map a small area around you.
You do not regenerate.


   Skills:
 - Level 2.1 Dodging
 - Level 2.4 Stealth
 - Level 1.7 Spellcasting
 - Level 0.8 Transmutations
 + Level 12.7 Earth Magic


You had 4 spell levels left.
You knew the following spells:

 Your Spells              Type           Power      Damage    Failure   Level
t - Stone Arrow           Conj/Erth      50%        3d10      1%          3
w - Passwall              Tmut/Erth      22%        N/A       1%          2
z - Sandblast             Erth           100%       2d20      1%          1

Your spell library contained the following spells:

 Spells                   Type           Power      Damage    Failure   Level
 Petrify                  Tmut/Erth      27%        N/A       5%          4
 Summon Small Mammal      Summ           4%         N/A       9%          1
 Call Canine Familiar     Summ           1%         N/A       26%         3
 Ozocubu's Armour         Ice            1%         N/A       26%         3
 Summon Guardian Golem    Hex/Summ       1%         N/A       26%         3
 Metabolic Englaciation   Hex/Ice        0%         N/A       90%         5
 Simulacrum               Ice/Necr       0%         N/A       100%        6

Inventory:

Hand Weapons
 e - a +1 short sword (weapon)
Missiles
 a - 22 poisoned darts
 c - 52 stones
 g - 2 javelins
Armour
 d - a +0 leather armour (worn)
 k - a +1 pair of gloves (worn)
Magical Staves
 n - a staff of air {!a}
Jewellery
 h - an amulet of faith {!P}
 S - a +6 ring of strength (left hand)
 Z - a ring of wizardry (right hand)
Wands
 m - a wand of paralysis (7)
Scrolls
 f - 3 scrolls of enchant armour
 l - 2 scrolls of fear
Potions
 i - a potion of might
 j - 2 potions of flight
 o - a potion of berserk rage {!q}

Dungeon Overview and Level Annotations

Branches:
Dungeon (5/15)
 Temple: D:4-7

Altars:
Kikubaaqudgha

Shops:
D:2 =

Annotations:
D:4 1 runed translucent door, sn0wgr3's ghost, amateur MiFi

#.......#...........#....#...#
#.......#...........#....#...#
#.......'...........'....#...#
#>......##....#######....###.#
#####+#.....#....###...#......#.#
............#..........#......#..
.....#.#....#..........#......#..
............#.....##...#......#.#
.##.#.#.#...#..[@.##...#....###.#
.## ..... #...O.##...#....'....
..# #.....#....#....#.... ..#
,#.....##..##....#..## ..#
,#.....#####.....#..## <.#,
#...... ,#.....#.... ..# ,#......
,#.....#.... ### , ########
*#.....##### , , .............


You could see an ogre.


Message History

Aiming: Sandblast (safe; 1% risk of failure)
Press: ? - help, Shift-Dir - straight line, f/p - adder
Aim: an adder (73% to hit)
The blast of sand hits the adder!!
You kill the adder!
Casting: Sandblast (safe; 1% risk of failure)
Confirm with . or Enter, or press ? or * to list all spells.
Aiming: Sandblast (safe; 1% risk of failure)
Press: ? - help, Shift-Dir - straight line, f - ogre
Aim: an ogre, wielding a +0 giant spiked club (92% to hit)
The blast of sand hits the ogre!
The ogre is heavily wounded.
The ogre hits you with a +0 giant spiked club!
* * * LOW HITPOINT WARNING * * *
Casting: Sandblast (safe; 1% risk of failure)
Confirm with . or Enter, or press ? or * to list all spells.
Aiming: Sandblast (safe; 1% risk of failure)
Press: ? - help, Shift-Dir - straight line, f/p - ogre
Aim: an ogre, wielding a +0 giant spiked club (heavily wounded, 92% to hit)
The blast of sand hits the ogre!
The ogre is almost dead.
Casting: Sandblast (safe; 1% risk of failure)
Confirm with . or Enter, or press ? or * to list all spells.
Aiming: Sandblast (safe; 1% risk of failure)
Press: ? - help, Shift-Dir - straight line, f/p - ogre
Aim: an ogre, wielding a +0 giant spiked club (almost dead, 92% to hit)
The blast of sand hits the ogre.
The ogre is almost dead.
The ogre hits you with a +0 giant spiked club!
You die...

Skill      XL: |  1  2  3  4  5  6  7 |
---------------+----------------------+-----
Earth Magic    | 7 8 10 12 | 12.7
Dodging        | |  2.1
Stealth        | |  2.4
Spellcasting   | |  1.7
Transmutations | |  0.8

Action                   |  1- 3 |  4- 6 |  7- 9 || total
-------------------------+-------+-------+-------++-------
Melee: Short sword       |    23 |    20 |     2 ||    45
Throw: Dart              |       |     2 |       ||     2
 Cast: Sandblast         |    18 |    46 |    24 ||    88
       Passwall          |     1 |     2 |     7 ||    10
       Stone Arrow       |       |       |     1 ||     1
  Use: Scroll            |     1 |     5 |     3 ||     9
 Stab: Sleeping          |     2 |     1 |     1 ||     4
Armor: Leather armour    |     9 |     9 |     5 ||    23
Dodge: Dodged            |    12 |    21 |     6 ||    39

Levels and vault maps discovered:
D:1:      minmay_arrival_diagonal_passages, layout_loops_ring
D:2:      layout_rooms, serial_shops, shop, shapermc_ecumenical_altar_venn
D:3:      layout_loops_ring, gammafunk_ghost_necromancy, uniq_ijyb,
          uniq_grinder, uniq_natasha
D:4:      layout_rooms, ebering_ghost_inner_flame, roderic_lattice_a,
          glass_columns_c
D:5:      layout_gridville, lemuel_zombie_altar_kikubaaqudgha,
          chequers_serial_rivers_micro_d, hex_tiny

Notes
Turn   | Place    | Note
-------+----------+-------------------------------------------
     0 | D:1      | Irenicus the Deep Dwarf Earth Elementalist began the quest
                  | for the Orb.
     0 | D:1      | Reached XP level 1. HP: 15/15 MP: 3/3
   269 | D:1      | Reached XP level 2. HP: 22/22 MP: 4/4
   282 | D:1      | Learned a level 2 spell: Passwall
   309 | D:2      | Found Ifir's Jewellery Shoppe.
   340 | D:2      | Reached skill level 5 in Earth Magic
   378 | D:2      | Noticed a necrophage
   385 | D:2      | Killed a necrophage
   386 | D:2      | Reached skill level 7 in Earth Magic
   386 | D:2      | Reached XP level 3. HP: 22/28 MP: 1/5
   386 | D:2      | Reached XP level 4. HP: 29/36 MP: 1/6
   451 | D:2      | Found a faded altar of an unknown god.
   583 | D:4      | Noticed sn0wgr3's ghost (amateur MiFi)
   583 | D:4      | Found a runed translucent door.
   587 | D:4      | Reached XP level 5. HP: 28/42 MP: 0/7
   598 | D:4      | Noticed an ogre
   604 | D:4      | Killed an ogre
   605 | D:4      | Reached skill level 8 in Earth Magic
   720 | D:4      | Reached XP level 6. HP: 23/49 MP: 3/8
   754 | D:4      | Reached skill level 9 in Earth Magic
   856 | D:4      | Reached skill level 10 in Earth Magic
   892 | D:5      | Entered Level 5 of the Dungeon
   941 | D:5      | Reached XP level 7. HP: 25/55 MP: 2/9
  1144 | D:5      | Reached skill level 11 in Earth Magic
  1165 | D:5      | Found an ancient bone altar of Kikubaaqudgha.
  1212 | D:5      | Reached skill level 12 in Earth Magic
  1285 | D:5      | Learned a level 3 spell: Stone Arrow
  1414 | D:5      | Reached XP level 8. HP: 25/62 MP: 5/10
  1440 | D:5      | Slain by an ogre

Vanquished Creatures
  2 sky beasts (D:5)
  4 ogres
  A necrophage (D:2)
  A centaur (D:5)
  A phantom (D:5)
  A kobold brigand (D:5)
  2 jellies
  A bullfrog skeleton (D:4)
  An orc wizard (D:4)
  An iguana (D:4)
  3 adders (D:5)
  2 dart slugs (D:2)
  4 orcs
  3 bats
  A bat zombie (D:5)
  3 endoplasms (D:2)
  2 giant cockroaches (D:1)
  2 goblins
  5 hobgoblins
  3 jackals (D:3)
  A quokka (D:3)
  2 ball pythons
  A frilled lizard (D:2)
  5 kobolds
  4 rats (D:1)
  A rat zombie (D:5)
57 creatures vanquished.

Table legend: (Time is in decaauts)
 A = Elapsed time spent in this place.
 B = Non-inter-level travel time spent in this place.
 C = Inter-level travel time spent in this place.
 D = Time resting spent in this place.
 E = Time spent auto-exploring this place.
 F = Levels seen in this place.
 G = Mean time per level.
                   A        B        C        D        E       F      G
               +--------+--------+--------+--------+--------+-----+--------+
         Total |   1442 |   1442 |      0 |      0 |      0 |   5 |  288.4 |
       Dungeon |   1442 |   1442 |      0 |      0 |      0 |   5 |  288.4 |
               +--------+--------+--------+--------+--------+-----+--------+

Top non-repeatable levels by time:
     D:5: 547 daAuts
     D:1: 309 daAuts
     D:4: 308 daAuts
     D:2: 233 daAuts
     D:3: 42 daAuts

Table legend:
 A = Non-vault XP
 B = Vault XP
 C = Vault XP percentage of total XP
 D = Non-vault monster count
 E = Vault monster count
 F = Vault count percentage of total count
                 A         B        C        D         E       F
            +---------+---------+-------+---------+---------+-------
      Total |    1490 |       3 |   0.2 |      55 |       2 |   3.5
            +---------+---------+-------+---------+---------+-------
        D:1 |      12 |       0 |   0.0 |       8 |       0 |   0.0
        D:2 |     145 |       0 |   0.0 |      14 |       0 |   0.0
        D:3 |       8 |       0 |   0.0 |       4 |       0 |   0.0
        D:4 |     537 |       0 |   0.0 |      15 |       0 |   0.0
        D:5 |     788 |       3 |   0.4 |      14 |       2 |  12.5
            +---------+---------+-------+---------+---------+-------
